 Dungeon Crawl Stone Soup version 0.29.1-2-gbd0b4ee654 (webtiles) character file.

Game seed: 8613231220279115184

8138 Anriel the Basher (level 11, -6/65 HPs)
             Began as a Gargoyle Gladiator on Nov 30, 2022.
             Was a High Priest of Okawaru.
             Mangled by a komodo dragon (20 damage)
             ... on level 11 of the Dungeon.
             The game lasted 00:59:05 (10302 turns).

Anriel the Basher (Gargoyle Gladiator)             Turns: 10302, Time: 00:59:05

Health: -6/65      AC: 29    Str: 21    XL:     11   Next: 26%
Magic:  15/15      EV:  8    Int: 16    God:    Okawaru [*****.]
Gold:   192        SH:  5    Dex: 11    Spells: 10/10 levels left

rFire   + . .      SeeInvis .   t - +4 flail of Ynunnuth {vorpal, +Blink rF+ Will+++ Stlth-}
rCold   . . .      Faith    .   (no shield)
rNeg    + . .      Spirit   .   r - +0 plate armour
rPois   ∞          Reflect  +   m - +2 helmet
rElec   +          Harm     .   o - +0 cloak
rCorr   .          Rampage  .   s - +0 pair of gloves
Will    +++..                   e - +0 pair of boots
Stlth   ..........              a - amulet of reflection
HPRegen 0.20/turn               B - +4 ring of slaying
MPRegen 0.14/turn               l - +6 ring of intelligence

@: hasted, very quick
A: sickness immunity, AC +8, negative energy resistance 1, electricity
resistance, torment resistance 1, petrification resistance
a: Renounce Religion, Evoke Blink, Heroism, Finesse, Duel


You were on level 11 of the Dungeon.
You worshipped Okawaru.
Okawaru was extremely pleased with you.
You visited 2 branches of the dungeon, and saw 12 of its levels.

You collected 1572 gold pieces.
You spent 1380 gold pieces at shops.

Inventory:

Hand Weapons
 b - a +2 vorpal shortbow
 t - the +4 flail of Ynunnuth (weapon) {vorpal, +Blink rF+ Will+++ Stlth-}
   (You found it on level 9 of the Dungeon)

   It inflicts extra damage upon your enemies.
   rF:        It protects you from fire.
   +Blink:    It lets you blink.
   Will:      It greatly increases your willpower.
   Stlth:     It makes you less stealthy.
 w - a +0 dire flail
Missiles
 d - 6 throwing nets (quivered)
Armour
 e - a +0 pair of boots (worn)
 m - a +2 helmet (worn)
 o - a +0 cloak (worn)
 r - a +0 plate armour (worn)
 s - a +0 pair of gloves (worn)
 x - +0 steam dragon scales
 A - the +5 ring mail "Maluhos" {Harm rN+ rCorr Str-5}
   (You found it on level 8 of the Dungeon)

   Str:       It affects your strength (-5).
   rN:        It protects you from negative energy.
   rCorr:     It protects you from acid and corrosion.
   Harm:      It increases damage dealt and taken.
 D - +0 swamp dragon scales
Jewellery
 a - an amulet of reflection (around neck)
 l - a +6 ring of intelligence (right hand)
 B - a +4 ring of slaying (left hand)
Wands
 f - a wand of mindburst (15)
 v - a wand of iceblast (6)
 z - a wand of flame (25)
Scrolls
 c - 3 scrolls of teleportation
 u - 2 scrolls of fog
 y - a scroll of magic mapping
 C - a scroll of vulnerability {unknown}
Potions
 g - a potion of lignification {unknown}
 h - 2 potions of attraction
 i - a potion of flight
 j - 2 potions of magic
 k - 2 potions of mutation
 n - a potion of cancellation {unknown}
 q - a potion of brilliance {unknown}


   Skills:
 + Level 6.3 Fighting
 + Level 9.7 Maces & Flails
 * Level 8.0 Ranged Weapons
 - Level 2.0 Throwing
 * Level 9.4 Armour
 + Level 3.9 Dodging
 + Level 0.1 Shields
 * Level 5.3 Invocations
 + Level 0.2 Evocations


You had 10 spell levels left.
You didn't know any spells.
Your spell library contained the following spells:

 Spells                   Type           Power      Damage    Failure   Level
 Ensorcelled Hibernation  Hex/Ice        0%         N/A       99%         2
 Portal Projectile        Hex/Tloc       0%         N/A       100%        3
 Spider Form              Tmut/Pois      0%         N/A       100%        3
 Anguish                  Hex/Necr       0%         N/A       100%        4
 Cause Fear               Hex            0%         N/A       100%        4
 Blade Hands              Tmut           0%         N/A       100%        5
 Dragon Form              Tmut           0%         N/A       100%        7
 Tukima's Dance           Hex            Unusable   N/A       N/A         3
 Dragon's Call            Summ           Unusable   N/A       N/A         9

Dungeon Overview and Level Annotations

Branches:
Dungeon (11/15)            Temple (1/1) D:4            Lair (0/5) D:8
    Orc: D:9-12

Altars:
Ashenzari
Cheibriados
Dithmenos
Elyvilon
Fedhas
Gozag
Hepliaklqana
Kikubaaqudgha
Makhleb
Nemelex Xobeh
Okawaru
Qazlal
Ru
Sif Muna
Trog
Uskayaw
Vehumet
Wu Jian
Xom
Yredelemnul
Zin
The Shining One

Shops:
D:4 =(:   D:5 !

Annotations:
D:10 1 runed translucent door, DildoBatman's ghost, journeyman FoCj


Innate Abilities, Weirdness & Mutations

You are immune to sickness and miasma.
Your stone body is resilient. (AC +8)
You are immune to poison.
You resist negative energy. (rN+)
You are resistant to electric shocks. (rElec)
You are resistant to unholy torment.
You are immune to petrification.


Message History

You climb downwards.
There is a stone staircase leading up here.
You open the door.
There is an open door here.
You open the door.
There is an open door here.
You open the door.
There is an open door here.
You open the door.
A komodo dragon comes into view.
There is an open door here.
Fire: b) +2 shortbow (vorpal)
Press: ? - help, Q - select action, (/) - cycle Shift-Dir - straight line, f - komodo dragon
Aim: a komodo dragon (75% to hit)
You shoot an arrow.
The arrow closely misses the komodo dragon.
t - the +4 flail of Ynunnuth (weapon)
{vorpal, +Blink rF+ Will+++ Stlth-} You barely miss the komodo dragon.
The komodo dragon bites you!
You thump the komodo dragon!
The komodo dragon is moderately wounded.
The komodo dragon bites you but does no damage.
You barely miss the komodo dragon.
The komodo dragon is moderately wounded.
The komodo dragon bites you!
You sock the komodo dragon!
The komodo dragon is heavily wounded.
The komodo dragon bites you!!
* * * LOW HITPOINT WARNING * * *
You hit the komodo dragon.
The komodo dragon is heavily wounded.
You block the komodo dragon's attack.
Okay, then.
Okay, then.
Okay, then.
Aiming: Mindburst
Press: ? - help, Shift-Dir - straight line, f/p - komodo dragon
Aim: a komodo dragon (heavily wounded, chance to affect: 47%)
Okay, then.
You feel yourself speed up. The komodo dragon bites you!!
You die...

#...........#~~
#..............
#..............
#..............
#.............#
#...........#.#
#..............
......l@########+
#......#........#
#......#.'####+.#.#
######.#.#....#.#.#
#.#
#.#.#.##.#.#.#.#.#.
#.#.#.##.#.#...#.#.
#.#.#....#.#.#.#.#.
#.#.+####'.#.#.#.#.
#........#.#.#.#.


You could see a komodo dragon.

Vanquished Creatures
  Erolcha (D:10)
  A cyclops (D:8)
  Maurice (D:10)
  A gargoyle (D:10)
  An unseen horror (D:10)
  Maggie (D:10)
  2 hornets
  A wraith (D:10)
  9 yaks
  A wyvern (D:8)
  Grum (D:10)
  3 steam dragons
  2 water moccasins
  2 orc warriors
  2 black bears
  An ice beast (D:7)
  2 wolves (D:10)
  5 centaurs
  2 kobold brigands
  A necrophage (D:7)
  2 bullfrogs
  3 scorpions
  7 wights
  6 killer bees
  7 howler monkeys
  2 jellies
  4 orc priests
  A hound (D:5)
  2 iguanas
  8 orc wizards
  4 gnolls (D:2)
  7 adders
  3 white imps
  An ufetubus (D:5)
  3 worms (D:2)
  3 dart slugs
  21 orcs
  2 bat zombies (D:8)
  12 endoplasms
  2 giant cockroaches
  7 goblins
  10 hobgoblins
  14 jackals
  12 kobolds
  5 quokkas
  6 ball pythons
  5 bats
  5 frilled lizards
  8 rats
  A rat zombie (D:8)
213 creatures vanquished.

Vanquished Creatures (others)
  2 fungi (D:10)
  7 plants (D:10)
9 creatures vanquished.

Grand Total: 222 creatures vanquished

Notes
Turn   | Place    | Note
-------+----------+-------------------------------------------
     0 | D:1      | Anriel the Gargoyle Gladiator began the quest for the Orb.
     0 | D:1      | Reached XP level 1. HP: 12/12 MP: 1/1
   173 | D:1      | Reached skill level 1 in Armour
   173 | D:1      | Reached XP level 2. HP: 17/17 MP: 2/2
   460 | D:1      | Reached XP level 3. HP: 18/21 MP: 3/3
   612 | D:1      | Found a faded altar of an unknown god.
   921 | D:2      | Reached XP level 4. HP: 18/27 MP: 4/4
  1273 | D:2      | Found a broken altar of Ashenzari.
  1749 | D:2      | Reached XP level 5. HP: 16/31 MP: 5/5
  2376 | D:3      | Reached XP level 6. HP: 15/36 MP: 6/6
  2754 | D:3      | Found a radiant altar of Vehumet.
  2754 | D:3      | Found an iron altar of Okawaru.
  2768 | D:3      | Became a worshipper of Warmaster Okawaru
  2968 | D:3      | Found a glowing silver altar of Zin.
  3206 | D:4      | Found Cuhuhieff's Jewellery Shop.
  3266 | D:4      | Found a staircase to the Ecumenical Temple.
  3275 | Temple   | Entered the Ecumenical Temple
  3411 | D:4      | Found Plog's Book Emporium.
  3569 | D:4      | Found Suma's Antique Weapon Shoppe.
  3647 | D:4      | Reached skill level 5 in Maces & Flails
  3999 | D:5      | Entered Level 5 of the Dungeon
  4093 | D:5      | Reached skill level 1 in Ranged Weapons
  4093 | D:5      | Reached XP level 7. HP: 20/41 MP: 7/7
  4402 | D:5      | Reached * piety under Okawaru
  4558 | D:5      | Found Fol Ezy's Distillery.
  4588 | D:5      | Bought a potion of heal wounds for 60 gold pieces
  4588 | D:5      | Bought a potion of heal wounds for 60 gold pieces
  4588 | D:5      | Bought a potion of heal wounds for 60 gold pieces
  4588 | D:5      | Bought a potion of haste for 120 gold pieces
  5404 | D:7      | Noticed a hornet
  5432 | D:7      | Killed a hornet
  5433 | D:7      | Reached skill level 5 in Armour
  5433 | D:7      | Reached XP level 8. HP: 20/46 MP: 8/8
  5624 | D:7      | Reached ** piety under Okawaru
  5841 | D:7      | Reached skill level 5 in Ranged Weapons
  5857 | D:7      | Found a sacrificial altar of Ru.
  6129 | D:8      | Reached XP level 9. HP: 52/52 MP: 9/9
  6164 | D:8      | Noticed a cyclops
  6165 | D:8      | Found a staircase to the Lair.
  6181 | D:8      | Killed a cyclops
  6181 | D:8      | Reached *** piety under Okawaru
  6257 | D:8      | Identified the +5 ring mail "Maluhos" {Harm rN+ rCorr
                  | Str-5}
  6282 | D:8      | Found a shadowy altar of Dithmenos.
  6328 | D:8      | Found an ancient bone altar of Kikubaaqudgha.
  6578 | D:8      | Noticed a hornet
  6591 | D:8      | Killed a hornet
  6592 | D:8      | Reached skill level 1 in Invocations
  6605 | D:8      | Reached skill level 5 in Fighting
  7070 | D:9      | Reached **** piety under Okawaru
  7071 | D:9      | Reached XP level 10. HP: 39/59 MP: 12/12
  7819 | D:9      | Identified the +4 flail of Ynunnuth {vorpal, +Blink rF+
                  | Will+++ Stlth-}
  8323 | D:10     | Entered Level 10 of the Dungeon
  8381 | D:10     | Killed an unseen horror
  8693 | D:10     | Reached ***** piety under Okawaru
  8806 | D:10     | Noticed Erolcha
  8841 | D:10     | Killed Erolcha
  8915 | D:10     | Identified a scroll of acquirement
  8915 | D:10     | Acquired 938 gold pieces
  9086 | D:4      | Bought an amulet of reflection for 300 gold pieces
  9086 | D:4      | Bought a +4 ring of slaying for 780 gold pieces
  9216 | D:10     | Noticed Maurice
  9248 | D:10     | Killed Maurice
  9249 | D:10     | Reached XP level 11. HP: 31/64 MP: 14/14
  9422 | D:10     | Noticed Grum
  9440 | D:10     | Killed Grum
  9646 | D:10     | Reached skill level 5 in Invocations
  9893 | D:10     | Found a runed translucent door.
  9894 | D:10     | Identified the +8 trident "Otweul" {venom, rF+ Int+2
                  | Stlth-}
  9895 | D:10     | Noticed DildoBatman's ghost (journeyman FoCj)
  9895 | D:10     | Noticed a spriggan rider
  9942 | D:10     | Noticed Maggie
  9956 | D:10     | Killed Maggie
 10302 | D:11     | Mangled by a komodo dragon

Illustrated notes

Levels and vault maps discovered:
D:1:      matt_arrival_refuge, layout_basic, dilly_ecumenical_altar_fadedgnrine
D:2:      minmay_door_path, layout_rooms, basic_altar, serial_glass,
          glass_columns_a, glass_columns_a, item_on_display_a,
          due_unseen_surprise, item_on_display_a, minmay_strange_pillars
D:3:      layout_loops_ring, zin_scriptorium, gammafunk_temple_overflow_pools,
          patterned_corridor
D:4:      layout_rooms, temple_hall, serial_shops, shop, shop, shop,
          serial_co_window_serial, co_window_paths_a, co_window_paths_a,
          co_window_of_opportunity_a, co_window_paths_a, co_window_corner_a,
          co_window_broadway_c, co_window_2corner, co_window_corner_b,
          co_window_4corner_b
D:5:      layout_gridville, nicolae_stop_n_shop_2, amethyst_killhole,
          kennysheep_generic_room_3
D:6:      layout_cave_pools
D:7:      layout_rooms, mainiacjoe_overflow_chevrons, minmay_splitting_lines
D:8:      layout_loops_ring, grunt_dithmenos_smoke,
          lemuel_zombie_altar_kikubaaqudgha, dpeg_oklobed_lair,
          wad_rectangle_vault
D:9:      layout_basic
D:10:     layout_roguey, ebering_ghost_funeral_grove, grunt_ministairs_3,
          nicolae_two_hexagons, uniq_grum, uniq_maurice, uniq_maggie,
          uniq_erolcha
D:11:     minmay_tri_box, layout_basic, serial_shops, nicolae_shop_trees,
          minivault_11, slow_altar_1, uniq_snorg
Temple:   kb_temple_of_zot

Skill      XL: |  1  2  3  4  5  6  7  8  9 10 11 |
---------------+----------------------------------+-----
Armour         | 1 2 3 4 5 6 7 8 9 |  9.4
Dodging        | 3 |  3.9
Maces & Flails | 4 5 6 8 9 |  9.7
Fighting       | 3 4 5 6 |  6.3
Throwing       | 2 |  2.0
Ranged Weapons | 1 4 5 6 7 8 |  8.0
Invocations    | 3 4 5 |  5.3
Shields        | |  0.1
Evocations     | |  0.2

Action                   |  1- 3 |  4- 6 |  7- 9 | 10-12 || total
-------------------------+-------+-------+-------+-------++-------
Melee: Flail             |   113 |   254 |   148 |   162 ||   677
       Punch             |       |     2 |     6 |     2 ||    10
       Mace              |       |       |   111 |       ||   111
       Dire flail        |       |       |       |    84 ||    84
 Fire: Sling             |       |    19 |       |       ||    19
       Shortbow          |       |       |    49 |    44 ||    93
Throw: Javelin           |     7 |       |       |       ||     7
       Boomerang         |       |     9 |       |       ||     9
Invok: Heroism           |       |       |     1 |     1 ||     2
       Finesse           |       |       |       |     1 ||     1
Evoke: Wand              |       |       |       |     2 ||     2
  Use: Scroll            |       |    11 |     8 |     4 ||    23
       Potion            |       |       |     6 |     2 ||     8
 Stab: Sleeping          |     1 |       |       |       ||     1
Armor: Leather armour    |    52 |    30 |       |       ||    82
       Chain mail        |       |   147 |   224 |   149 ||   520
       Plate armour      |       |       |       |    47 ||    47
Dodge: Dodged            |    85 |   143 |   128 |    92 ||   448
Block: Other             |       |       |       |    15 ||    15
       Reflection        |       |       |       |     2 ||     2
